 Dungeon Crawl Stone Soup version 0.30.1-9-gdf580d7c3d (webtiles) character file.

Game seed: 13246654318722411546

284 booth the Chopper (level 6, -7/84 HPs)
             Began as a Hill Orc Monk on Oct 4, 2023.
             Was a Believer of Beogh.
             Mangled by Pikel
             ... wielding a +2 whip of electrocution
              (8 damage)
             ... on level 4 of the Dungeon.
             The game lasted 00:19:33 (3220 turns).

booth the Chopper (Hill Orc Monk)                   Turns: 3220, Time: 00:19:34

Health: -7/84      AC:  5    Str: 13 (16) XL:     6   Next: 29%
Magic:  6/6        EV: 12    Int:  9 (10) God:    Beogh [**....]
Gold:   175        SH:  0    Dex: 13      Spells: 5/5 levels left

rFire   . . .        a - +0 hand axe
rCold   . . .        d - orb {light}
rNeg    . . .        q - +0 leather armour
rPois   .            k - +2 hat
rElec   .            (no cloak)
rCorr   .            (no gloves)
SInv    .            (no boots)
Will    .....        (no amulet) Stlth
                     (no ring)
HPRegen 0.34/turn    (no ring)
MPRegen 0.10/turn

%: no passive effects
@: berserking (expiring), glowing, very quick
A: no striking features
a: Renounce Religion, Smiting


You were on level 4 of the Dungeon.
You worshipped Beogh.
Beogh was pleased with you.
You visited 1 branch of the dungeon, and saw 4 of its levels.

You collected 175 gold pieces.

Inventory:

Hand Weapons
 a - a +0 hand axe (weapon)
 h - a +0 mace
Missiles
 b - 3 boomerangs (quivered)
 t - 5 poisoned darts
Armour
 d - an orb of light (worn)
 k - a +2 hat (worn)
 p - a +0 ring mail
 q - a +0 leather armour (worn)
Scrolls
 e - 2 scrolls of fear
 f - a scroll of vulnerability
 m - a scroll of amnesia {unknown}
 r - a scroll of blinking {unknown}
 s - a scroll of enchant armour {unknown}
 v - a scroll of teleportation {unknown}
 w - a scroll of magic mapping {unknown}
Potions
 c - 3 potions of ambrosia
 g - 3 potions of curing
 i - 3 potions of brilliance
 n - a potion of cancellation {unknown}
 o - a potion of lignification {unknown}
 u - 2 potions of degeneration


   Skills:
 + Level 5.1 Fighting
 * Level 6.9 Axes
 + Level 3.5 Dodging


You had 5 spell levels left.
You didn't know any spells.
Your spell library contained the following spells:

 Spells                   Type           Power      Damage    Failure   Level
 Shock                    Conj/Air       0%         1d3       45%         1
 Swiftness                Air            0%         N/A       83%         3
 Volatile Blastmotes      Fire/Tloc      0%         2d10      83%         3
 Airstrike                Air            0%         2d(0-16)  99%         4
 Fulminant Prism          Conj/Hex       0%         3d5       99%         4
 Iskenderun's Mystic Bla  Conj/Tloc      0%         2d3       99%         4
 Lee's Rapid Deconstruct  Erth           0%         3d4*      100%        5


Dungeon Overview and Level Annotations

Branches:
Dungeon (4/15)
 Temple: D:4-7

Altars:
Trog

Annotations:
D:4 Pikel


Message History

Pikel is moderately wounded.
You closely miss the lemure. x2; Pikel barely misses you.
You slash Pikel!
Pikel is heavily wounded.
You hit the lemure. x2; Pikel hits you but does no damage.
The lemure barely misses you. The lemure closely misses you.
You barely miss Pikel.
Pikel is heavily wounded.
You slash the lemure! You closely miss the lemure. Pikel barely misses you.
You hit Pikel.
Pikel is heavily wounded.
You hit the lemure but do no damage. You closely miss the lemure.
The lemure hits you. x2
Pikel hits you with a +2 whip of electrocution.
You slash Pikel!
Pikel is severely wounded.
You hit the lemure. x2; The lemure hits you.
* * * LOW HITPOINT WARNING * * *
The lemure closely misses you.
Pikel hits you with a +2 whip of electrocution!
* * * LOW HITPOINT WARNING * * *
You closely miss Pikel.
Pikel is severely wounded.
You hit the lemure.
You kill the lemure!
That felt strangely unrewarding.
You hit the lemure. You hit Pikel but do no damage.
Pikel is severely wounded.
You hit the lemure.
You kill the lemure!
That felt strangely unrewarding.
Pikel hits you with a +2 whip of electrocution.
* * * LOW HITPOINT WARNING * * *
You are electrocuted!
* * * LOW HITPOINT WARNING * * *
You barely miss Pikel.
Pikel is severely wounded.
You slash the lemure! You barely miss the lemure.
Pikel hits you with a +2 whip of electrocution!
You die...

.........##+####+###.....
##### .........#
.........# . .........#
.. .........# ...
.........#### ###....
....######..#####......#
....'.......#...#5.....+
....#.......#...@K.....#
....#.......#...#5.....#
....#.......'...#......#
....#############......#
##### #######


You could see Pikel (fast) and 2 lemures.

Vanquished Creatures
  2 lemures (D:4)
  Blork the orc (D:4)
  A vampire bat (D:3)
  2 iguanas (D:4)
  3 adders
  8 dart slugs (D:3)
  4 orcs
  4 ball pythons
  5 endoplasms
  2 giant cockroaches
  4 goblins
  10 hobgoblins
  6 jackals
  3 kobolds
  A quokka (D:3)
  11 bats
  2 frilled lizards
  A rat (D:2)
70 creatures vanquished.

Vanquished Creatures (others)
  A dart slug (D:3)
1 creature vanquished.

Grand Total: 71 creatures vanquished

Notes
Turn   | Place    | Note
-------+----------+-------------------------------------------
     0 | D:1      | booth the Hill Orc Monk began the quest for the Orb.
     0 | D:1      | Reached XP level 1. HP: 19/19 MP: 1/1
   147 | D:1      | Reached XP level 2. HP: 27/27 MP: 2/2
   433 | D:1      | You fall into a shaft and drop 1 floor!
   454 | D:2      | Reached XP level 3. HP: 28/33 MP: 3/3
   653 | D:2      | Reached skill level 5 in Axes
  1067 | D:3      | Reached XP level 4. HP: 28/40 MP: 4/4
  1501 | D:3      | Reached XP level 5. HP: 41/47 MP: 5/5
  1812 | D:3      | Reached skill level 6 in Axes
  1915 | D:3      | Became a worshipper of Beogh the Brigand
  1915 | D:3      | Reached * piety under Beogh
  1915 | D:3      | Reached ** piety under Beogh
  2499 | D:4      | Noticed Blork the orc
  2508 | D:4      | Killed Blork the orc
  2509 | D:4      | Reached skill level 5 in Fighting
  2509 | D:4      | Reached XP level 6. HP: 9/56 MP: 6/6
  3031 | D:4      | Found a bloodstained altar of Trog.
  3204 | D:4      | Noticed Pikel
  3219 | D:4      | HP: 1/84 [Pikel/+2 whip of electrocution (10)]
  3220 | D:4      | Mangled by Pikel

Illustrated notes

Levels and vault maps discovered:
D:1:      nagdon_arrival_zigzag_paths, layout_basic
D:2:      layout_basic, serial_rivers, chequers_serial_rivers_marsh,
          chequers_serial_rivers_micro_b, chequers_serial_rivers_micro_e,
          chequers_serial_rivers_small_b, chequers_serial_rivers_micro_c,
          guppyfry_early_lair_pool
D:3:      kennysheep_slugbush, layout_basic, st_stairs_2, roderic_batcave,
          chequers_mini_garden, minmay_diced_spiral
D:4:      layout_gridville, kennysheep_mini_moat, uniq_crazy_yiuf_cottage,
          uniq_blork_the_orc, uniq_pikel

Skill      XL: |  1  2  3  4  5 |
---------------+----------------+-----
Fighting       | 4 5 |  5.1
Axes           | 5 6 |  6.9
Dodging        | 3 |  3.5

Action                     |  1- 3 |  4- 6 || total
---------------------------+-------+-------++-------
  Melee: Hand axe          |    84 |   124 ||   208
  Throw: Boomerang         |     4 |    36 ||    40
 Invoke: Convert to Beogh  |       |     1 ||     1
    Use: Scroll            |       |     4 ||     4
         Potion            |       |     5 ||     5
 Armour: Robe              |    31 |       ||    31
         Leather armour    |     4 |    26 ||    30
  Dodge: Dodged            |    49 |    91 ||   140
